 Dungeon Crawl Stone Soup version 0.27-a0-1557-g57f10a3 (webtiles) character file.

Game seed: 16715894660538245197

180 Think the Cutter (level 5, -2/36 HPs)
             Began as an Octopode Fighter on July 15, 2021.
             Was a Follower of Dithmenos.
             Slain by a gnoll (7 damage)
             ... on level 3 of the Dungeon.
             The game lasted 00:04:31 (3044 turns).

Think the Cutter (Octopode Fighter)                 Turns: 3044, Time: 00:04:31

Health: -2/36      AC:  1    Str: 16    XL:     5   Next: 60%
Magic:  5/5        EV: 11    Int: 10    God:    Dithmenos [*.....]
Gold:   159        SH:  0    Dex: 12    Spells: 4/4 levels left

rFire    + . .     SeeInvis .   a - +0 rapier
rCold    + . .     Faith    .   b - +0 kite shield
rNeg     . . .     Spirit   .   (helmet restricted)
rPois    +         Reflect  .   (no amulet)
rElec    +         Harm     .   m - ring of resist corrosion
rCorr    +         Rampage  .   (no ring)
Will     .....                  (no ring)
Stlth    ++........             (no ring)
HPRegen  0.12/turn              (no ring)
MPRegen  0.09/turn              (no ring)
                                (no ring)
                                (no ring)

@: confused, brilliant, resistant, ambrosia-drunk, wreathed by umbra, invisible
A: almost no armour, amphibious, 8 rings, camouflage 1, gelatinous body 1,
(nimble swimmer 1), tentacles
a: Renounce Religion


You were on level 3 of the Dungeon.
You worshipped Dithmenos.
Dithmenos was aware of your devotion.
You visited 1 branch of the dungeon, and saw 4 of its levels.

You collected 159 gold pieces.

Inventory:

Hand Weapons
 a - a +0 rapier (weapon)
 f - a +0 dagger of venom
Armour
 b - a +0 kite shield (worn)
Jewellery
 m - a ring of resist corrosion (left tentacle)
Scrolls
 c - a scroll of brand weapon {unknown}
 d - 2 scrolls of immolation {unknown}
 g - a scroll of holy word {unknown}
 i - a scroll of blinking {unknown}
 j - a scroll of enchant weapon {unknown}
 p - a scroll of teleportation {unknown}
Potions
 h - a potion of brilliance
 n - a potion of attraction {unknown}
 o - a potion of magic {unknown}


   Skills:
 - Level 3.0 Fighting
 + Level 5.6 Short Blades
 - Level 3.0 Dodging
 - Level 3.0 Shields


You had 4 spell levels left.
You didn't know any spells.
Your spell library was empty.

Dungeon Overview and Level Annotations

Branches:
Dungeon (4/15)
 Temple: D:4-7

Altars:
Cheibriados
Dithmenos
Qazlal
Yredelemnul


Innate Abilities, Weirdness & Mutations

You cannot wear most types of armour.
You are amphibious.
You can wear up to eight rings at the same time.
Your skin changes colour to match your surroundings (Stealth+).
Your rubbery body absorbs attacks. (AC +1, EV +1)
((You are camouflaged near water. (Stealth+)))
You have tentacles for arms and can constrict up to eight enemies at once.


Message History

There is a stone staircase leading down here.
You start resting.
You are no longer glowing.
You start resting.
HP restored.
You climb downwards.
The gnoll closely misses you. You block the gnoll shaman's attack.
The gnoll closely misses you. The gnoll hits you with a +0 whip.
There is a stone staircase leading up here.
The gnoll shaman hits you with a +0 club.
You block the gnoll's attack.
The gnoll hits you from afar with a +0 spear.
You climb upwards.
There is a stone staircase leading down here.
Okay, then.
It was a potion of ambrosia.
You are confused.
You feel invigorated.
The gnoll shaman calls down the wrath of its god upon you.
You resist with some effort. The gnoll misses you.
The gnoll closely misses you.
It was a potion of brilliance.
You feel clever all of a sudden.
The gnoll shaman hits you with a +0 club!
The gnoll hits you with a +0 flail!
* * * LOW HITPOINT WARNING * * *
The gnoll closely misses you.
Okay, then.
Okay, then.
It was a potion of resistance.
You feel protected. The gnoll shaman barely misses you.
The gnoll hits you with a +0 flail. The gnoll hits you with a +0 whip.
* * * LOW HITPOINT WARNING * * *
It was a potion of invisibility.
You fade into invisibility!
The gnoll shaman hits you with a +0 club.
* * * LOW HITPOINT WARNING * * *
The gnoll hits you with a +0 flail!
You die...

###..........#
#######....##############
#..........#............#
#.^.....)..#............######
#..........#..................
#######....#............######
##############............#
#...........##..g.........#
#...........##.@g.........#
##..............g)..########
......###...........#≈.§#
......# #.......<...#._.#
......###...........#...#
........#...........#≈.≈#
......#.............#≈.≈#
).....+._...........#≈.≈#
....................#...#


You could see a gnoll shaman and 2 gnolls.

Vanquished Creatures
  Natasha (thrice) (D:2)
  3 adders (D:2)
  A gnoll (D:3)
  A worm (D:2)
  A dart slug (D:2)
  An orc (D:3)
  6 ball pythons
  7 endoplasms
  3 giant cockroaches
  6 hobgoblins
  3 jackals (D:1)
  2 quokkas (D:1)
  7 bats
  4 goblins
  6 kobolds
  6 rats
60 creatures vanquished.

Notes
Turn   | Place    | Note
-------+----------+-------------------------------------------
     0 | D:1      | Think the Octopode Fighter began the quest for the Orb.
     0 | D:1      | Reached XP level 1. HP: 16/16 MP: 1/1
    49 | D:1      | Reached XP level 2. HP: 19/21 MP: 2/2
   387 | D:1      | Reached skill level 3 in Short Blades
   563 | D:1      | Reached XP level 3. HP: 26/26 MP: 3/3
  1087 | D:2      | Noticed Natasha
  1094 | D:2      | Killed Natasha
  1095 | D:2      | Reached skill level 4 in Short Blades
  1095 | D:2      | Reached XP level 4. HP: 13/31 MP: 4/4
  1106 | D:2      | Noticed Natasha
  1116 | D:2      | Killed Natasha
  1165 | D:2      | Noticed Natasha
  1176 | D:2      | Killed Natasha
  1177 | D:2      | Reached skill level 5 in Short Blades
  1177 | D:2      | Reached XP level 5. HP: 19/36 MP: 5/5
  1981 | D:2      | Found a faded altar of an unknown god.
  1988 | D:2      | Became a worshipper of Dithmenos the Shadowed
  1988 | D:2      | Reached * piety under Dithmenos
  2017 | D:3      | Found a snail-covered altar of Cheibriados.
  2523 | D:3      | Found a stormy altar of Qazlal.
  2535 | D:3      | Found a basalt altar of Yredelemnul.
  3044 | D:3      | Slain by a gnoll

Illustrated notes

Levels and vault maps discovered:
D:1:      minmay_arrival_open_corners, layout_basic
D:2:      layout_rooms, dreamdust_ecumenical_altar_hidden_monk_grotto,
          uniq_natasha
D:3:      layout_basic, mainiacjoe_overflow_catwalk, cheibriados_altar_1,
          pf_just_have_faith, serial_park_tiny_1, kennysheep_generic_room_3
D:4:      layout_basic, tso_oasis_becter, st_stairs_14

Skill      XL: |  1  2  3  4 |
---------------+-------------+-----
Short Blades   | 3 4 5 |  5.6
Fighting       | |  3.0
Dodging        | |  3.0
Shields        | |  3.0

Action                   |  1- 3 |  4- 6 || total
-------------------------+-------+-------++-------
Melee: Rapier            |    60 |    62 ||   122
       Constrict         |    17 |    13 ||    30
       Tentacles         |     4 |    13 ||    17
  Use: Potion            |     1 |     4 ||     5
 Stab: Sleeping          |     6 |     5 ||    11
Armor: Skin              |     6 |     3 ||     9
Dodge: Dodged            |    27 |    32 ||    59
Block: Kite shield       |    22 |    23 ||    45

Table legend: (Time is in decaauts)
 A = Elapsed time spent in this place.
 B = Non-inter-level travel time spent in this place.
 C = Inter-level travel time spent in this place.
 D = Time resting spent in this place.
 E = Time spent auto-exploring this place.
 F = Levels seen in this place.
 G = Mean time per level.
                   A        B        C        D        E       F      G
               +--------+--------+--------+--------+--------+-----+--------+
         Total |   3098 |   2959 |    139 |    319 |   2198 |   4 |  774.5 |
       Dungeon |   3098 |   2959 |    139 |    319 |   2198 |   4 |  774.5 |
               +--------+--------+--------+--------+--------+-----+--------+

Top non-repeatable levels by time:
     D:2: 1127 daAuts
     D:3: 1021 daAuts
     D:1: 937 daAuts
     D:4: 12 daAuts
